 Dungeon Crawl Stone Soup version 0.24-a0-471-g3302cd442e (webtiles) character file.

Game seed: 14686994341037881789

28 pk666 the Magician (level 2, -3/15 HPs)
             Began as a Deep Elf Wizard on July 5, 2019.
             Slain by a worker ant zombie (5 damage)
             ... on level 2 of the Dungeon.
             The game lasted 00:01:26 (1231 turns).

pk666 the Magician (Deep Elf Wizard)                Turns: 1231, Time: 00:01:26

Health: -3/15      AC:  2    Str:  4    XL:     2   Next: 96%
Magic:  0/9        EV: 12    Int: 22    God:
Gold:   54         SH:  0    Dex: 13    Spells: 9/10 levels left

rFire    . . .     SeeInvis .   e - +0 dagger
rCold    . . .     Gourm    .   (no shield)
rNeg     . . .     Faith    .   a - +0 robe
rPois    .         Spirit   .   b - +0 hat
rElec    .         Reflect  .   (no cloak)
rCorr    .         Harm     .   (no gloves)
MR       .....                  (no boots)
Stlth    ++........             (no amulet)
HPRegen  0.05/turn              (no ring)
MPRegen  0.11/turn              (no ring)

@: very slightly contaminated, heavily drained
A: no striking features
a: no special abilities


You were on level 2 of the Dungeon.
You were hungry.

You visited 1 branch of the dungeon, and saw 2 of its levels.

You collected 54 gold pieces.

Inventory:

Hand Weapons
 e - a +0 dagger (weapon)
Armour
 a - a +0 robe (worn)
 b - a +0 hat (worn)
Scrolls
 c - a scroll of remove curse {unknown}
 g - 3 scrolls of identify {unknown}
Potions
 f - 2 potions of curing {unknown}
 h - a potion of degeneration {unknown}
 i - 2 potions of mutation {unknown}
Comestibles
 d - 3 rations


   Skills:
 + Level 3.1(1.6) Dodging
 - Level 2.4(0.9) Stealth
 + Level 4.9(3.3) Spellcasting
 + Level 2.1(0.6) Conjurations
   Level 1.1(0.0) Summonings
   Level 1.1(0.0) Translocations


You had 9 spell levels left.
You knew the following spells:

 Your Spells              Type           Power        Failure   Level  Hunger
a - Magic Dart            Conj           #...         9%          1    None

Your spell library contained the following spells:

 Spells                   Type           Power        Failure   Level  Hunger
 Blink                    Tloc           N/A          19%         2    ##.....
 Call Imp                 Summ           #.......     19%         2    ##.....
 Slow                     Hex            #.......     19%         2    ##.....
 Conjure Flame            Conj/Fire      #.......     30%         3    ###....
 Mephitic Cloud           Conj/Pois/Air  #.......     32%         3    ###....


Dungeon Overview and Level Annotations

Branches:
Dungeon (2/15)

Altars:
Okawaru


Message History

Casting: Magic Dart (safe; 9% risk of failure)
Confirm with . or Enter, or press ? or * to list all spells.
You don't have enough magic to cast that spell.
Casting: Magic Dart (safe; 9% risk of failure)
Confirm with . or Enter, or press ? or * to list all spells.
You don't have enough magic to cast that spell.
You barely miss the worker ant zombie.
The worker ant zombie is severely damaged.
The worker ant zombie bites you.
* * * LOW HITPOINT WARNING * * *
You barely miss the worker ant zombie.
The worker ant zombie is severely damaged.
The worker ant zombie closely misses you.
You hit the worker ant zombie but do no damage.
The worker ant zombie is severely damaged.
The worker ant zombie closely misses you.
You hit the worker ant zombie but do no damage.
The worker ant zombie is severely damaged.
The worker ant zombie bites you.
You die...

# .# #####.#
.....#.#
#.Z....# #@#
#.#
#.#########
#.........#
########.##
#.....#
######'#####
#........#
#.)......#


You could see a worker ant zombie.

Vanquished Creatures
  A leopard gecko (D:1)
  4 bats
  A giant cockroach (D:1)
  2 goblins (D:1)
  2 hobgoblins
  6 kobolds (D:1)
  2 frilled lizards (D:1)
  7 rats (D:1)
25 creatures vanquished.

Notes
Turn   | Place    | Note
-------+----------+-------------------------------------------
     0 | D:1      | pk666 the Deep Elf Wizard began the quest for the Orb.
     0 | D:1      | Reached XP level 1. HP: 10/10 MP: 7/7
   308 | D:1      | Reached XP level 2. HP: 15/15 MP: 6/9
   483 | D:1      | Found an iron altar of Okawaru.
  1231 | D:2      | Slain by a worker ant zombie

Levels and vault maps discovered:
D:1:      minmay_arrival_loop, layout_loops_corners, okawaru_ov_weapons_minmay
D:2:      layout_basic, old_standard_altar

Skill      XL: |  1  2 |
---------------+-------+-----
Dodging        | 3 |  3.1
Conjurations   | 2 |  2.1
Stealth        | |  2.4
Spellcasting   | |  4.9
Summonings     | |  1.1
Translocations | |  1.1

Action                   || total
-------------------------++-------
Melee: Dagger            ||     4
 Cast: Magic Dart        ||    63
Armor: Robe              ||     1
Dodge: Dodged            ||    14

Table legend:
 A = Non-vault XP
 B = Vault XP
 C = Vault XP percentage of total XP
 D = Non-vault monster count
 E = Vault monster count
 F = Vault count percentage of total count
                 A         B        C        D         E       F
            +---------+---------+-------+---------+---------+-------
      Total |      40 |       0 |   0.0 |      25 |       0 |   0.0
            +---------+---------+-------+---------+---------+-------
        D:1 |      36 |       0 |   0.0 |      23 |       0 |   0.0
        D:2 |       4 |       0 |   0.0 |       2 |       0 |   0.0
            +---------+---------+-------+---------+---------+-------
